Map: Flooded City

Players

Aiden

  • Race: Zerg Zerg
  • League: Gold
  • Spawn Location: 6:00

Lushiko

  • Race: Terran Terran
  • League: Gold
  • Spawn Location: 6:00

Odin - Winner!

  • Race: Protoss Protoss
  • League: Gold
  • Spawn Location: 12:00

keyser - Winner!

  • Race: Terran Terran
  • League: Gold
  • Spawn Location: 12:00

VOD

Have the link to the VOD?

Description

Time

  • Played on: Dec. 11, 2018, 8:15 a.m.
  • Length: 25:22
Show
View Real Time Build Order
Export as new Build Order

Aiden Zerg 

Build Orders: Pool First 

Get SALT Encoding   

  12  0:03  Drone  
  13  0:10  Drone  
  14  0:19  Overlord  
  14  0:38  Drone  
  14  0:39  Drone  
  16  1:04  Drone x2  
  16  1:05  Extractor  
  17  1:17  Spawning Pool  
  16  1:20  Drone  
  16  1:23  Hatchery  
  16  1:31  Drone x2  
  18  1:46  Drone  
  19  2:05  Queen  
  21  2:09  Metabolic Boost  
  21  2:18  Zergling x2  
  21  2:19  Overlord  
  22  2:25  Roach Warren  
  22  2:26  Drone  
  22  2:47  Queen  
  25  2:51  Drone x4  
  25  2:52  Drone  
  29  3:04  Evolution Chamber  
  28  3:20  Zergling x6  
  28  3:23  Zergling x2  
  28  3:24  Zergling x2  
  33  3:30  Queen  
  35  3:37  Overlord  
  35  3:50  Drone  
  35  3:54  Queen  
  34  4:25  Spine Crawler  
  34  4:26  Drone x4  
  34  4:27  Spine Crawler, Drone x3  
  34  4:28  Drone  
  34  4:30  Queen  
  42  4:37  Zerg Ground Armor Level 1  
  42  4:46  Drone x2  
  42  4:47  Overlord  
  44  5:23  Roach x4  
  44  5:24  Overlord x2  
  52  5:41  Lair  
  52  5:42  Overlord  
  52  6:15  Roach  
  52  6:16  Roach x6  
  52  6:17  Roach  
  68  7:00  Drone x2  
  68  7:01  Overlord, Drone x3  
  73  7:02  Overlord x3  
  73  7:07  Tunneling Claws  
  73  7:11  Zerg Missile Weapons Level 1  
  73  7:19  Drone x3  
  73  7:20  Drone x4  
  73  7:21  Drone x2  
  82  7:25  Extractor  
  82  7:29  Pneumatized Carapace  
  81  7:38  Spore Crawler  
  81  7:40  Spore Crawler  
  81  7:43  Extractor  
  77  7:44  Extractor  
  76  7:54  Drone  
  76  7:55  Drone x2  
  79  8:10  Hatchery  
  78  8:13  Hydralisk Den  
  77  8:41  Drone x2  
  79  9:04  Zerg Ground Armor Level 2  
  79  9:22  Drone  
  79  9:23  Drone x6  
  79  9:24  Drone x5  
  88  9:25  Drone x5  
  91  9:52  Roach x5  
  93  9:53  Roach x2  
  88  10:05  Roach  
  88  10:06  Roach x4  
  88  10:07  Roach x2  
  89  10:29  Burrow  
  87  11:08  Extractor  
  87  11:09  Extractor  
  85  11:19  Drone  
  85  11:20  Drone x2  
  85  11:21  Hatchery, Drone x2  
  85  11:23  Spore Crawler  
  85  11:24  Spine Crawler  
  85  11:25  Spore Crawler  
  86  11:26  Spine Crawler  
  85  11:46  Zerg Missile Weapons Level 2  
  85  11:55  Hydralisk x5  
  85  11:56  Hydralisk x5  
  85  11:57  Hydralisk  
  85  11:58  Overlord x2  
  85  11:59  Overlord x2  
  107  12:21  Overlord x3  
  107  12:22  Overlord x3  
  107  12:28  Grooved Spines  
  107  12:43  Drone x6  
  107  12:44  Drone x3  
  115  12:45  Hatchery, Hydralisk  
  117  13:00  Nydus Network  
  116  13:21  Hydralisk x3  
  116  13:22  Hydralisk x6  
  116  13:23  Hydralisk x4  
  142  13:35  Queen  
  142  13:36  Queen x2  
  142  13:40  Drone  
  142  13:41  Drone x6  
  152  13:42  Drone x4  
  152  13:44  Extractor  
  152  13:47  Extractor  
  157  13:52  Infestation Pit  
  157  13:54  Glial Reconstitution  
  156  14:15  Hydralisk x6  
  156  14:16  Hydralisk  
  172  14:17  Roach x5  
  172  14:18  Roach x2  
  172  14:22  Overseer  
  184  14:29  Hive  
  183  15:10  Nydus Canal  
  177  15:34  Nydus Canal  
  177  15:47  Overseer  
  177  15:56  Overseer  
  177  16:01  Zerg Ground Armor Level 3  
  177  16:06  Overlord x4  
  177  16:27  Nydus Canal  
  177  16:35  Nydus Canal  
  177  16:47  Ultralisk Cavern  
  177  16:50  Evolution Chamber  
  175  16:54  Nydus Canal  
  175  17:25  Hydralisk x2  
  175  17:26  Hydralisk x6  
  175  17:27  Hydralisk x2  
  161  17:51  Roach x3  
  152  17:52  Roach x4  
  152  17:53  Roach x5  
  152  17:54  Roach x3  
  152  17:55  Roach x2  
  152  17:56  Roach x2  
  152  17:57  Roach  
  129  18:32  Hydralisk x2  
  129  18:33  Hydralisk x6  
  136  18:38  Zerg Melee Weapons Level 1  
  97  18:59  Hydralisk x3  
  97  19:00  Hydralisk  
  95  19:28  Hatchery  
  94  19:34  Hatchery  
  56  20:22  Zerg Missile Weapons Level 3  
  46  20:39  Drone x6  
  46  20:40  Drone x2  
  54  21:30  Drone x2  
  54  21:32  Drone  
  57  21:42  Drone  
  58  22:08  Drone x5  
  61  22:09  Drone x2  
  65  22:24  Hydralisk x5  
  65  22:28  Hydralisk  
  77  22:31  Hydralisk  
  77  22:34  Hydralisk  
  30  23:36  Hydralisk x5  
  30  23:37  Hydralisk x5  
  30  23:38  Hydralisk  
  30  23:40  Hydralisk  
Show
View Real Time Build Order
Export as new Build Order

Lushiko Terran 

Build Orders: Gas First Reaper Expand, Mech 

Get SALT Encoding   

  12  0:01  SCV  
  13  0:15  SCV  
  13  0:20  Supply Depot  
  14  0:27  Refinery  
  14  0:30  SCV  
  15  0:45  Barracks  
  15  0:58  SCV  
  16  1:14  Refinery  
  16  1:23  SCV  
  17  1:41  Refinery, Orbital Command  
  17  1:49  Barracks Tech Lab  
  17  1:50  Factory  
  16  2:07  SCV  
  17  2:11  Reaper  
  18  2:19  SCV  
  19  2:32  SCV  
  19  3:02  Command Center  
  19  3:12  Barracks Tech Lab  
  19  3:15  SCV  
  20  3:20  Starport  
  20  3:27  SCV  
  21  3:52  SCV  
  22  3:57  Supply Depot  
  22  4:14  Cyclone  
  25  4:19  Supply Depot  
  25  4:28  Supply Depot  
  24  4:33  SCV  
  24  4:35  SCV  
  26  4:44  Barracks Tech Lab  
  26  4:47  SCV  
  26  4:59  Siege Tank  
  29  5:04  Supply Depot  
  29  5:11  SCV  
  29  5:14  SCV  
  31  5:23  SCV  
  31  5:26  SCV, Supply Depot  
  33  5:31  Siege Tank  
  33  5:35  SCV  
  37  5:38  SCV  
  38  5:47  SCV  
  38  5:49  Supply Depot  
  39  5:51  Supply Depot  
  39  5:59  SCV  
  40  6:05  SCV  
  41  6:11  SCV  
  41  6:13  Supply Depot, Cyclone  
  41  6:14  Supply Depot  
  41  6:17  SCV  
  46  6:23  SCV  
  47  6:29  SCV  
  48  6:35  SCV  
  48  6:39  Supply Depot  
  49  6:45  Factory, Cyclone  
  52  6:48  SCV  
  52  6:49  Refinery, Liberator  
  52  6:51  Refinery  
  53  7:00  SCV  
  54  7:02  Supply Depot  
  54  7:05  Factory  
  57  7:12  SCV  
  58  7:17  SCV  
  59  7:24  SCV  
  59  7:25  Supply Depot  
  59  7:29  SCV, Cyclone  
  64  7:30  Factory Tech Lab  
  64  7:36  SCV  
  65  7:41  SCV  
  66  7:47  Supply Depot  
  66  7:48  SCV  
  67  8:00  Liberator  
  67  8:10  Factory Tech Lab  
  67  8:11  Supply Depot  
  67  8:15  Command Center, Cyclone  
  70  8:34  Supply Depot  
  70  8:35  SCV  
  70  8:40  Cyclone x2  
  77  8:48  SCV, Cyclone  
  81  9:00  SCV  
  82  9:12  Supply Depot, Cyclone x2  
  82  9:16  Armory  
  88  9:17  Armory  
  88  9:20  Cyclone  
  91  9:26  Orbital Command  
  91  9:36  Supply Depot  
  91  9:44  Cyclone x2  
  97  9:52  Cyclone  
  100  9:59  Supply Depot  
  94  10:16  Cyclone x2  
  97  10:22  Supply Depot  
  97  10:24  Cyclone  
  94  10:40  SCV  
  94  10:42  SCV  
  96  10:48  Cyclone x2  
  96  10:49  Terran Vehicle Weapons Level 1  
  102  10:50  Terran Vehicle And Ship Armor Level 1  
  102  10:52  SCV  
  102  10:54  SCV  
  102  10:56  Cyclone  
  107  11:03  SCV  
  108  11:04  SCV  
  108  11:06  SCV  
  108  11:10  Supply Depot  
  110  11:14  Refinery  
  110  11:15  SCV  
  110  11:16  SCV  
  110  11:18  Refinery, SCV  
  113  11:20  Cyclone x2  
  119  11:27  SCV  
  119  11:28  SCV, Cyclone  
  119  11:30  SCV  
  125  11:33  Supply Depot  
  125  11:39  SCV  
  126  11:51  SCV  
  127  11:57  Supply Depot  
  127  12:18  Cyclone  
  127  12:19  Cyclone  
  127  12:20  Cyclone  
  136  12:35  Factory  
  136  12:36  Factory  
  136  12:49  Terran Vehicle Weapons Level 2, Terran Vehicle And Ship Armor Level 2  
  136  12:50  Cyclone  
  136  12:51  Command Center, Cyclone  
  139  12:52  Cyclone  
  145  13:01  Orbital Command  
  142  13:09  Cloaking Field  
  142  13:11  Banshee  
  142  13:21  Factory Tech Lab  
  142  13:22  Cyclone  
  142  13:23  Factory Tech Lab  
  142  13:24  Cyclone x2  
  142  13:38  Factory  
  142  13:43  Cyclone x2  
  148  13:54  Banshee, Cyclone  
  154  13:56  Cyclone x2  
  154  14:00  Barracks  
  160  14:03  Barracks  
  160  14:06  SCV  
  161  14:18  SCV  
  161  14:20  SCV  
  163  14:28  Cyclone x2  
  163  14:30  Barracks Reactor, SCV  
  170  14:32  SCV  
  171  14:39  Banshee  
  171  14:40  Hyperflight Rotors  
  171  14:43  SCV  
  171  14:44  SCV  
  176  14:48  Barracks, Barracks Reactor  
  176  14:49  Factory Tech Lab  
  176  14:55  SCV  
  176  14:56  SCV  
  178  15:07  SCV  
  178  15:08  SCV  
  180  15:19  Barracks Tech Lab, SCV  
  181  15:45  Stimpack  
  181  15:47  Barracks Reactor  
  181  15:49  Barracks  
  181  15:57  Refinery  
  181  15:59  Refinery  
  172  16:37  Marine x5  
  172  16:38  Marine x3  
  180  16:45  Terran Vehicle Weapons Level 3  
  180  16:46  Terran Vehicle And Ship Armor Level 3  
  180  16:49  Engineering Bay  
  180  16:50  Engineering Bay  
  180  16:55  Marine x6  
  180  16:56  Marine x2  
  188  17:13  Marine x8  
  118  17:30  Marine x2  
  118  17:31  Marine x6  
  111  17:41  Medivac  
  113  17:45  Terran Infantry Weapons Level 1  
  113  17:46  Combat Shield, Terran Infantry Armor Level 1  
  113  17:48  Marine x2  
  113  17:49  Marine x6  
  121  17:55  Starport  
  121  17:56  SCV, Starport  
  122  18:04  Starport  
  122  18:06  Marine x4  
  122  18:07  Marine x4  
  122  18:09  SCV  
  122  18:11  Medivac  
  133  18:21  SCV  
  133  18:24  Marine x6  
  133  18:25  Marine x2  
  131  18:33  SCV  
  117  18:41  Medivac  
  112  18:42  Marine x8  
  117  18:51  Medivac x3  
  120  18:59  Marine  
  120  19:00  Marine x7  
  128  19:04  Fusion Core  
  128  19:11  Medivac  
  130  19:17  Marine x2  
  130  19:18  Marine x5  
  130  19:21  Medivac x3  
  144  19:27  Barracks Reactor  
  143  19:31  Command Center  
  143  19:33  Command Center  
  143  19:35  Marine x3  
  143  19:36  Marine x4  
  150  19:41  Medivac  
  150  19:44  Terran Infantry Weapons Level 2  
  150  19:45  Terran Infantry Armor Level 2  
  152  19:47  Terran Ship Weapons Level 1  
  152  19:53  Marine x5  
  152  19:54  Marine x2, Weapon Refit  
  159  20:06  Marine x2  
  161  20:09  Starport  
  161  20:11  Marine x6, Medivac  
  161  20:12  Marine  
  170  20:15  Starport  
  170  20:24  Marine x2  
  172  20:29  Marine x7  
  179  20:42  Marine x2  
  181  20:46  Marine x2  
  181  20:47  Marine x5, SCV  
  181  20:48  SCV  
  190  20:59  SCV  
  190  21:00  Marine x2  
  190  21:01  SCV  
  178  21:11  SCV  
  178  21:13  SCV  
  180  21:23  SCV  
  180  21:25  SCV  
  166  21:36  SCV  
  166  21:37  SCV  
  142  21:57  Starport Tech Lab  
  142  21:58  Starport Tech Lab x3  
  142  21:59  Starport Tech Lab  
  132  22:05  Marine x8  
  132  22:06  Marine  
  141  22:12  Refinery  
  141  22:14  Refinery  
  141  22:16  Refinery, SCV  
  141  22:17  Refinery  
  141  22:19  SCV  
  143  22:23  Marine x9  
  143  22:28  SCV  
  150  22:31  SCV  
  129  22:40  Marine x2, SCV  
  129  22:41  Marine x5  
  129  22:43  SCV  
  117  22:53  SCV  
  117  22:55  SCV  
  117  22:57  Battlecruiser  
  117  22:58  Battlecruiser x4  
  137  23:05  SCV  
  124  23:07  SCV  
  100  23:53  Starport  
  99  24:02  Battlecruiser  
Show
View Real Time Build Order
Export as new Build Order

Odin Protoss - Winner!

Build Orders:  

Get SALT Encoding   

  12  0:04  Probe  
  13  0:18  Pylon  
  13  0:20  Probe  
  13  0:28  Probe  
  15  0:39  Gateway  
  15  0:46  Probe  
  15  0:58  Probe  
  16  1:08  Pylon  
  16  1:11  Probe  
  17  1:23  Probe  
  18  1:26  Assimilator  
  18  1:32  Cybernetics Core  
  18  1:35  Probe  
  19  1:55  Probe  
  20  2:12  Probe  
  21  2:18  Warp Gate  
  21  2:24  Gateway  
  21  2:29  Gateway  
  21  2:31  Probe  
  22  2:47  Probe  
  22  2:50  Adept  
  25  3:06  Nexus, Pylon  
  25  3:07  Pylon  
  25  3:16  Robotics Facility  
  25  3:25  Adept x2  
  29  3:27  Adept  
  31  3:39  Assimilator  
  31  3:45  Assimilator  
  31  3:50  Gateway  
  29  5:02  Stalker x3  
  29  5:03  Stalker  
  37  5:11  Probe x2  
  39  5:16  Assimilator  
  39  5:23  Probe x2  
  41  5:35  Probe x2  
  43  5:44  Immortal  
  43  5:47  Probe x2  
  49  5:59  Probe x2  
  49  6:00  Stargate  
  51  6:11  Probe x2  
  51  6:17  Nexus  
  53  6:20  Assimilator  
  53  6:23  Probe  
  53  6:24  Probe  
  53  6:25  Assimilator  
  55  6:29  Pylon  
  55  6:31  Pylon  
  55  6:38  Pylon  
  55  6:44  Oracle  
  58  6:50  Immortal  
  62  7:03  Probe x2  
  64  7:15  Probe x2  
  64  7:21  Oracle  
  69  7:26  Forge  
  69  7:29  Pylon  
  69  7:31  Forge  
  69  7:49  Twilight Council  
  69  8:04  Protoss Ground Weapons Level 1, Protoss Ground Armor Level 1  
  69  8:09  Photon Cannon  
  63  8:34  Oracle  
  66  8:47  Probe x3  
  69  8:52  Stalker x3  
  69  8:53  Stalker  
  77  8:59  Probe x3  
  80  9:11  Probe x2  
  77  10:43  Immortal, Stalker  
  77  10:44  Stalker x3  
  77  10:49  Gateway  
  85  10:50  Gateway  
  85  10:51  Gateway  
  85  10:53  Gateway  
  85  10:54  Void Ray  
  89  10:59  Robotics Facility  
  89  11:00  Stargate  
  89  11:02  Charge, Fleet Beacon  
  89  11:03  Probe  
  89  11:04  Probe x2  
  92  11:13  Protoss Ground Weapons Level 2, Protoss Ground Armor Level 2  
  92  11:16  Probe x3  
  95  11:21  Gateway  
  95  11:28  Probe  
  95  11:32  Gateway  
  96  11:43  Observer  
  96  11:46  Tempest x2  
  107  11:57  Nexus  
  107  11:59  Zealot  
  107  12:00  Assimilator  
  109  12:01  Assimilator  
  109  12:04  Pylon  
  109  12:05  Pylon  
  109  12:07  Pylon  
  105  12:09  Pylon  
  102  12:20  Photon Cannon  
  102  12:30  Warp Prism  
  102  12:33  Observer  
  105  12:54  Immortal  
  109  13:07  Observer  
  108  13:28  Immortal  
  108  13:31  Tempest  
  108  13:32  Tempest  
  122  13:35  Stalker x3  
  122  13:37  Stalker x5  
  122  13:38  Stalker x2  
  142  13:56  Probe x4  
  146  14:06  Pylon x2  
  146  14:08  Probe x4  
  150  14:18  Cybernetics Core  
  150  14:20  Probe x4  
  150  14:23  Protoss Ground Weapons Level 3, Protoss Shields Level 1  
  154  14:25  Protoss Air Weapons Level 1  
  154  14:29  Zealot x6  
  154  14:30  Zealot x3  
  172  14:39  Pylon x3  
  172  14:57  Probe x4  
  176  15:09  Probe x4  
  160  15:37  Immortal x2  
  160  15:38  Tempest x2  
  178  15:46  Blink  
  178  16:22  Pylon  
  178  16:23  Pylon  
  178  16:27  Nexus  
  163  18:02  Tempest x2  
  121  18:39  Zealot x8  
  121  18:40  Zealot x2  
  97  19:02  Stalker x2  
  97  19:04  Stalker x3  
  97  19:05  Stalker x4  
  97  19:08  Immortal x2  
  123  19:13  Probe x3  
  123  19:17  Fleet Beacon  
  126  19:25  Probe x3  
  126  19:28  Pylon  
  126  19:31  Assimilator  
  129  19:35  Robotics Bay  
  129  20:05  Zealot  
  129  20:06  Zealot x3  
  128  20:07  Zealot x2  
  99  20:29  Zealot  
  99  20:30  Zealot x3  
  99  20:31  Colossus, Zealot  
  99  20:32  Colossus  
  99  20:34  Tempest  
  99  20:35  Tempest  
  109  21:21  Carrier  
  113  21:32  Extended Thermal Lance  
  113  21:38  Carrier  
  117  22:10  Pylon  
  117  22:13  Pylon  
  117  22:16  Pylon  
  91  22:51  Protoss Air Armor Level 1  
  83  23:15  Zealot x6  
  83  23:16  Zealot x3  
  101  23:25  Colossus  
  101  23:26  Colossus  
  113  23:28  Void Ray x2  
  86  24:42  Stalker  
  86  24:43  Stalker x5  
  86  24:44  Stalker x3  
  98  25:11  Stalker  
Show
View Real Time Build Order
Export as new Build Order

keyser Terran - Winner!

Build Orders: Reaper Expand, Mech 

Get SALT Encoding   

  12  0:01  SCV  
  13  0:16  Supply Depot  
  13  0:19  SCV  
  14  0:33  SCV  
  15  0:41  Barracks  
  15  0:48  Refinery  
  15  1:02  SCV  
  16  1:14  SCV  
  17  1:26  SCV  
  17  1:29  Supply Depot  
  18  1:35  Reaper  
  18  1:39  Orbital Command  
  19  1:55  Barracks  
  19  2:13  Factory  
  19  2:20  Barracks Tech Lab  
  18  2:53  Barracks Reactor  
  18  2:57  Refinery  
  18  3:14  Hellion  
  18  3:15  Command Center  
  18  3:18  Starport  
  20  3:30  SCV  
  21  3:44  Factory Tech Lab  
  21  3:49  SCV  
  22  4:01  SCV  
  22  4:13  SCV  
  20  4:26  SCV  
  21  4:38  SCV  
  22  4:45  Factory  
  22  4:48  Starport Tech Lab  
  22  4:50  SCV  
  23  4:56  Factory  
  23  5:00  Engineering Bay  
  23  5:02  SCV  
  23  5:04  Armory  
  23  5:06  Orbital Command  
  24  5:14  SCV  
  25  5:21  Cloaking Field  
  25  5:26  SCV  
  25  5:27  Banshee  
  29  5:37  SCV  
  30  5:48  Siege Tank  
  33  5:50  Supply Depot  
  33  5:56  Siege Tank  
  36  5:58  SCV  
  37  6:14  Banshee  
  40  6:25  Supply Depot x2  
  40  6:39  Supply Depot  
  40  6:54  Smart Servos  
  40  6:59  Infernal Pre-Igniter  
  42  7:01  Hellion  
  42  7:02  Hellion  
  42  7:04  SCV  
  42  7:07  Refinery  
  45  7:11  Supply Depot  
  45  7:16  SCV  
  48  7:23  Hellion x2  
  48  7:28  SCV  
  51  7:40  SCV  
  54  7:44  Hellion x2  
  56  7:52  SCV  
  56  7:57  Thor  
  63  7:59  Siege Tank  
  68  8:05  Hellion  
  68  8:06  Hellion  
  68  8:11  Terran Vehicle Weapons Level 1  
  70  8:15  Refinery  
  70  8:17  SCV  
  70  8:18  SCV  
  74  8:27  Hellion x2  
  74  8:29  SCV  
  74  8:30  SCV  
  74  8:32  Hellion  
  80  8:35  Command Center  
  80  8:41  SCV  
  81  8:54  Raven, SCV  
  84  9:03  Supply Depot  
  84  9:04  Supply Depot  
  84  9:06  SCV  
  84  9:08  Siege Tank  
  84  9:09  Hi-Sec Auto Tracking  
  88  9:41  Siege Tank x2  
  94  9:50  Orbital Command  
  94  9:55  SCV  
  94  9:56  SCV  
  96  10:00  Refinery  
  96  10:02  Refinery  
  96  10:08  SCV x2  
  70  10:50  Starport  
  70  10:54  Factory  
  70  11:01  SCV  
  71  11:05  SCV x2  
  71  11:06  Terran Vehicle Weapons Level 2  
  71  11:10  Armory  
  73  11:12  Hellion x2  
  73  11:13  SCV, Siege Tank  
  73  11:17  SCV  
  84  11:21  Thor  
  84  11:25  SCV  
  89  11:33  Armory  
  89  11:34  Hellion x2  
  93  11:45  Siege Tank  
  96  11:55  Hellion x2  
  100  12:15  Factory Tech Lab  
  100  12:16  Thor  
  100  12:18  Siege Tank  
  109  12:29  Missile Turret  
  109  12:35  Hellion  
  109  12:36  Hellion  
  113  12:50  Siege Tank  
  116  12:53  Missile Turret  
  116  12:57  Hellion x2  
  120  12:59  Siege Tank  
  123  13:13  Missile Turret  
  123  13:14  SCV x2  
  125  13:23  Neosteel Armor  
  125  13:30  Supply Depot  
  125  13:32  Supply Depot  
  125  13:35  Supply Depot  
  125  13:45  Command Center  
  125  13:47  Command Center  
  125  13:48  Starport Reactor  
  125  13:52  Raven, Hellion x2  
  125  13:54  Thor, Siege Tank  
  140  13:56  Siege Tank  
  140  13:57  Supply Depot  
  140  14:00  Supply Depot  
  143  14:14  Hellion x2  
  147  14:26  Medivac x2  
  147  14:28  Thor  
  157  14:34  Raven  
  157  14:37  Siege Tank  
  162  14:56  Medivac  
  162  14:57  Medivac  
  164  15:09  Hellion  
  164  15:11  Hellion  
  156  15:25  Medivac  
  156  15:27  Medivac  
  152  15:38  Liberator  
  152  15:40  Liberator  
  155  15:53  Raven  
  160  16:08  Supply Depot  
  160  16:09  Supply Depot  
  160  16:14  Planetary Fortress  
  160  16:33  Supply Depot  
  160  16:35  Raven  
  160  16:38  Viking  
  164  16:40  Viking  
  119  17:44  Siege Tank x2  
  113  18:16  Siege Tank x2  
  68  18:48  Siege Tank x2  
  73  19:04  Factory Tech Lab, Starport Reactor, Factory Reactor  
  73  19:16  Planetary Fortress  
  73  19:20  Thor  
  73  19:21  Siege Tank  
  82  19:52  Thor  
  88  20:03  Siege Tank  
  86  20:35  Thor, Siege Tank  
  95  21:01  Hellion x3  
  92  21:08  Hellion  
  94  21:19  Hellion  
  94  21:23  Hellion x3  
  102  21:29  Hellion  
  104  21:37  SCV  
  104  21:40  Hellion  
  104  21:44  Hellion x3  
  112  21:49  SCV  
  112  21:51  Terran Vehicle Weapons Level 3, Hellion  
  116  22:01  SCV, Hellion  
  116  22:05  Hellion x3  
  124  22:12  Hellion  
  124  22:13  SCV  
  127  22:23  Hellion  
  127  22:26  Siege Tank  
  127  22:27  Hellion x2  
  134  22:33  Siege Tank  
  137  22:44  Thor  
  135  22:48  Hellion x2  
  133  22:59  Siege Tank  
  133  23:05  Thor  
  140  23:09  Hellion x2  
  131  23:27  Siege Tank  
  131  23:30  Thor  
  131  23:31  Hellion x2  
  141  23:45  Viking  
  145  23:48  Hellion  
  145  23:49  Viking  
  145  23:52  Hellion x2  
  151  23:59  Hellion  
  153  24:09  Siege Tank  
  156  24:14  Hellion x3  
  162  24:20  Siege Tank  
  156  24:35  Hellion  
  147  24:42  Hellion  
  142  24:47  Hellion x2  
  146  24:53  Hellion  
  146  24:57  Hellion  
Tags
 
Add a new tag
Caveats
  • Supply blocks, unpowered buildings, or Contaminate may cause inaccurate times.
  • Supply counts are checked every 10 seconds.